 Dungeon Crawl Stone Soup version 0.21.0-24-g2553a33 (webtiles) character file.

48290 Suckerboh the Carver (level 14, -10/104 HPs)
             Began as a Halfling Berserker on Jan 19, 2018.
             Was an Elder of Trog.
             Mangled by an elephant (46 damage)
             ... on level 6 of the Lair of Beasts on Jan 20, 2018.
             The game lasted 00:51:13 (23084 turns).

Suckerboh the Carver (Halfling Berserker)          Turns: 23084, Time: 00:51:17

Health: -10/104    AC: 21    Str: 18    XL:     14   Next: 86%
Magic:  4/4        EV: 20    Int:  7    God:    Trog [****..]
Gold:   1246       SH:  0    Dex: 21    Spells: 13/13 levels left

rFire    . . .     SeeInvis .   a - +3 scimitar (antimagic)
rCold    + . .     Gourm    .   t - +0 buckler
rNeg     + . .     Faith    .   z - +0 chain mail "Kaceuheo" {rN+ Int+2 Dex+2}
rPois    +         Spirit   .   G - +0 helmet (curse)
rElec    .         Reflect  .   y - +2 cloak {rC+}
rCorr    .         Harm     +   E - +0 pair of gloves
MR       +++..                  Y - +0 pair of boots
Stlth    ..........             u - amulet of harm
HPRegen  1.27/turn              o - ring of poison resistance
MPRegen  0.09/turn              D - +4 ring of evasion

@: sleeping, regenerating
A: small, mutation resistance 1
a: Berserk, Trog's Hand, Brothers in Arms, Burn Spellbooks, Renounce Religion


You were on level 6 of the Lair of Beasts.
You worshipped Trog.
Trog was greatly pleased with you.
You were not hungry.

You visited 3 branches of the dungeon, and saw 18 of its levels.
You also visited: Labyrinth, Ossuary and Ice Cave.

You collected 1946 gold pieces.
You spent 700 gold pieces at shops.

Inventory:

Hand Weapons
 a - a +3 antimagic scimitar (weapon)
Armour
 t - a +0 buckler (worn)
 y - a +2 cloak of cold resistance (worn)
 z - the +0 chain mail "Kaceuheo" (worn) {rN+ Int+2 Dex+2}
   (You found it on level 4 of the Dungeon)

   It affects your intelligence (+2).
   It affects your dexterity (+2).
   It protects you from negative energy.
 E - a +0 pair of gloves (worn)
 G - a cursed +0 helmet (worn)
 J - +0 swamp dragon scales
 M - a +2 helmet
 U - the +3 scale mail of Xom's Displeasure {rPois, unknown}
   (You bought it in a shop on level 2 of the Orcish Mines)

   It protects you from poison.
 X - a +2 hat
 Y - a +0 pair of boots (worn)
Jewellery
 g - a cursed amulet of inaccuracy {unknown}
 l - a cursed ring of loudness {unknown}
 o - a ring of poison resistance (left hand)
 u - an amulet of harm (around neck)
 A - an uncursed amulet of magic regeneration {unknown}
 D - a +4 ring of evasion (right hand)
 F - an uncursed ring of resist corrosion {unknown}
 K - the ring "Ceew" {MR+ SInv, unknown}
   (You took it off a minotaur in a labyrinth)

   [ring of protection from magic]

   It affects your resistance to hostile enchantments.
   It lets you see invisible.
 L - a cursed ring of loudness {unknown}
 N - an uncursed amulet of the gourmand {unknown}
 P - an uncursed ring of protection from fire {unknown}
 S - an uncursed ring of magical power {unknown}
 T - a +4 ring of intelligence {unknown}
 W - a +3 amulet of reflection {unknown}
Wands
 O - a wand of acid (13)
Scrolls
 b - 4 scrolls of immolation {unknown}
 e - 11 scrolls of amnesia {unknown}
 f - a scroll of summoning {unknown}
 h - 3 scrolls of fog {unknown}
 i - 4 scrolls of random uselessness {unknown}
 j - 9 scrolls of remove curse {unknown}
 s - 15 scrolls of identify {unknown}
 v - 8 scrolls of teleportation {unknown}
 w - 2 scrolls of enchant armour {unknown}
 H - 2 scrolls of enchant weapon {unknown}
Potions
 d - 2 potions of agility {unknown}
 m - 7 potions of heal wounds
 p - 7 potions of curing
 x - 5 potions of resistance {unknown}
 B - 3 potions of flight {unknown}
 I - 3 potions of brilliance {unknown}
Comestibles
 c - 24 rations
 k - 3 chunks of flesh


   Skills:
 * Level 12.4 Fighting
 - Level 14.0 Long Blades
 * Level 13.3 Armour
 * Level 8.3 Dodging
 + Level 0.7 Stealth
 - Level 7.1 Shields
 + Level 0.6 Evocations


You had 13 spell levels left.
You didn't know any spells.

Dungeon Overview and Level Annotations

Branches:
Dungeon (10/15)            Temple (0/1) D:7            Lair (6/6) D:8
  Swamp (0/4) Lair:4       Spider (0/4) Lair:3        Slime (0/5) Lair:6
    Orc (2/2) D:10            Elf (0/3) Orc:2

Altars:
Gozag
Kikubaaqudgha
Qazlal
Trog
Beogh
Jiyva

Shops:
D:5 =   D:6 *   Orc:2 (![:

Annotations:
D:5 2 transporters


Innate Abilities, Weirdness & Mutations

You are small and have problems with some larger weapons.
You are somewhat resistant to further mutation.


Message History

The blink frog closely misses you.
The blink frog blinks!
The dream sheep bites you but does no damage.
Unknown command.
Your polar bear goes berserk!
You feel somewhat more hungry.
The blink frog croaks.
You hear a bleat!
You hear a croak.
You hear an angry hiss.
You hear a croak.
The blink frog closely misses you.
The blink frog blinks!
The crocodile bites you but does no damage.
The blink frog blinks!
The elephant misses you. The elephant barely misses you.
The dream sheep shake their wool and sparkle.
You feel drowsy...
You fall asleep.
An elephant comes into view.
The crocodile barely misses you.
The blink frog blinks!
Your polar bear bites the crocodile!!
The crocodile dies!
Trog accepts your kill.
The elephant moves out of view.
The dream sheep misses you. The elephant tramples you!!!
You die...

(.$.....P...##.#
...Y.#.........#
÷..............#
.P.P...........#
..P............#
...P...Y.......#
.YP.÷YFY#......#
P...##Y.Y†h...# Y
#...Y@§...##
#...#F......#
#...###......# ###.
#.......###########
##
##.................
##........F.........
#P....§.............
##..................
##...........†......


You could see 3 elephants, 3 blink frogs, 4 dream sheep and a friendly polar
bear (berserk).

Vanquished Creatures
  A frost giant (IceCv)
  A minotaur (Lab)
  Fannar (Lair:1)
  A catoblepas (Lair:5)
  3 hydras
  5 death yaks
  3 orc high priests (Orc:2)
  Sonja (Orc:2)
  3 orc sorcerers (Orc:2)
  4 orc knights (Orc:2)
  4 black mambas
  A gargoyle (D:10)
  An ice statue (IceCv)
  Joseph (Lair:1)
  The ghost of tidbits the Firebug, a novice GnFE (D:7)
  12 spiny frogs
  2 rime drakes
  5 komodo dragons
  2 ice devils (Lair:4)
  3 trolls
  16 polar bears
  4 dream sheep (Lair:6)
  17 blink frogs
  4 hippogriffs
  Sigmund (D:3)
  A wyvern (Lair:5)
  30 yaks
  2 hungry ghosts (D:8)
  A steam dragon (Lair:2)
  2 basilisks
  Menkaure (D:6)
  A warg (Orc:1)
  12 water moccasins
  11 porcupines
  2 ice beasts (D:6)
  3 sky beasts
  18 orc warriors
  6 ogres
  10 wolves
  5 centaurs
  6 crocodiles
  An elf zombie (Ossuary)
  A big kobold (D:10)
  Blork the orc (D:6)
  12 bullfrogs
  A water moccasin zombie (D:7)
  3 scorpions
  2 howler monkeys
  2 electric eels
  2 centaur zombies (Ossuary)
  5 crimson imps
  2 human zombies (Ossuary)
  14 orc priests
  2 jellies
  2 bullfrog zombies
  4 hounds
  3 bullfrog skeletons
  An iguana (D:5)
  27 orc wizards
  5 worker ants
  2 big kobold zombies (Ossuary)
  2 mummies (Ossuary)
  A hound skeleton (D:8)
  A worker ant zombie (D:8)
  8 gnolls (D:5)
  11 adders
  2 shadow imps
  2 oozes
  3 worms
  2 dart slugs
  3 leopard geckos
  66 orcs
  11 bats
  4 giant cockroaches
  4 goblins
  5 hobgoblins
  16 jackals
  3 quokkas
  A ball python (D:2)
  7 frilled lizards
  9 hobgoblin zombies (Ossuary)
  10 kobolds
  8 kobold zombies (Ossuary)
  10 orc zombies (Ossuary)
  A quokka zombie (D:6)
  9 rats
  3 rat zombies (Ossuary)
  A fungus (Lair:5)
503 creatures vanquished.

Vanquished Creatures (collateral kills)
  5 hydras
  An orc high priest (Orc:2)
  An orc sorcerer (Orc:2)
  A basilisk (Lair:5)
  A warg (Orc:2)
  A water moccasin (Lair:2)
  An orc warrior (Orc:2)
  A crocodile (Lair:6)
  An orc wizard (Orc:2)
  An orc (Orc:2)
14 creatures vanquished.

Vanquished Creatures (others)
  A bush (Lair:2)
  9 fungi
  5 plants
15 creatures vanquished.

Grand Total: 532 creatures vanquished

Notes
Turn   | Place    | Note
-------+----------+-------------------------------------------
     0 | D:1      | Suckerboh the Halfling Berserker began the quest for the Orb.
     0 | D:1      | Reached XP level 1. HP: 15/15 MP: 1/1
   138 | D:1      | Reached XP level 2. HP: 20/20 MP: 2/2
   691 | D:1      | Reached XP level 3. HP: 25/25 MP: 3/3
  1045 | D:2      | Reached ** piety under Trog
  1045 | D:2      | Reached skill level 4 in Long Blades
  1125 | D:2      | Reached XP level 4. HP: 28/31 MP: 4/4
  1813 | D:3      | Reached XP level 5. HP: 29/36 MP: 5/5
  2037 | D:3      | Reached skill level 5 in Long Blades
  2417 | D:3      | Noticed Sigmund
  2429 | D:3      | Killed Sigmund
  2429 | D:3      | Reached XP level 6. HP: 42/42 MP: 6/6
  2554 | D:3      | Reached *** piety under Trog
  2764 | D:3      | Found a bloodstained altar of Trog.
  3065 | D:4      | Reached skill level 6 in Long Blades
  3065 | D:4      | Reached XP level 7. HP: 45/46 MP: 7/7
  3096 | D:4      | Got a crude chain mail
  3113 | D:4      | Identified the +0 chain mail "Kaceuheo" {rN+ Int+2 Dex+2} (You found it on level 4 of the Dungeon)
  3666 | D:5      | Entered Level 5 of the Dungeon
  3677 | D:5      | Found Kuubav's Jewellery Shop.
  3680 | D:5      | Noticed a water moccasin
  3685 | D:5      | Killed a water moccasin
  3917 | D:5      | Reached skill level 1 in Shields
  4016 | D:5      | Reached skill level 7 in Long Blades
  4041 | D:5      | Reached XP level 8. HP: 52/52 MP: 8/8
  4541 | D:5      | Found a transporter.
  4611 | D:5      | Found a transporter.
  4628 | D:5      | Reached skill level 8 in Long Blades
  4892 | D:6      | Found Jyuschaf's General Store.
  4970 | D:6      | Reached XP level 9. HP: 25/58 MP: 9/9
  5195 | D:6      | Reached skill level 5 in Armour
  5204 | D:6      | Reached skill level 9 in Long Blades
  5242 | D:6      | Found an ancient bone altar of Kikubaaqudgha.
  5257 | D:6      | Reached **** piety under Trog
  5259 | D:6      | Found a stormy altar of Qazlal.
  5261 | D:6      | Found an opulent altar of Gozag.
  5436 | D:6      | Noticed Blork the orc
  5453 | D:6      | Killed Blork the orc
  5465 | D:6      | Reached skill level 10 in Long Blades
  5740 | D:6      | Noticed Menkaure
  5752 | D:6      | Killed Menkaure
  5909 | D:7      | Noticed tidbits's ghost (novice GnFE)
  5920 | D:7      | Killed tidbits's ghost
  5945 | D:7      | Reached XP level 10. HP: 61/65 MP: 10/10
  6190 | D:7      | Reached skill level 11 in Long Blades
  6228 | D:7      | Found a staircase to the Ecumenical Temple.
  6379 | D:7      | Found a sand-covered staircase.
  6565 | Ossuary  | Entered an ossuary
  6649 | Ossuary  | Reached ***** piety under Trog
  6764 | Ossuary  | Reached skill level 5 in Fighting
  6910 | D:8      | Found a staircase to the Lair.
  7485 | D:7      | Reached skill level 12 in Long Blades
  7500 | D:7      | Received a gift from Trog
  8259 | D:8      | Reached XP level 11. HP: 35/72 MP: 11/11
 10086 | D:10     | Entered Level 10 of the Dungeon
 10306 | D:10     | Found a staircase to the Orcish Mines.
 10757 | D:10     | Reached skill level 13 in Long Blades
 11139 | D:10     | Received a gift from Trog
 11451 | Orc:1    | Entered Level 1 of the Orcish Mines
 11661 | Orc:2    | Entered Level 2 of the Orcish Mines
 12369 | Orc:2    | Noticed an orc sorcerer
 12378 | Orc:2    | Killed an orc sorcerer
 12389 | Orc:2    | Noticed Sonja
 12414 | Orc:2    | Killed Sonja
 12585 | Orc:2    | Found a staircase to the Elven Halls.
 12606 | Orc:2    | Received a gift from Trog
 12772 | Orc:2    | Found a roughly hewn altar of Beogh.
 12772 | Orc:2    | Noticed an orc high priest
 12795 | Orc:2    | Killed an orc high priest
 13074 | Orc:2    | Reached skill level 5 in Shields
 13230 | Orc:2    | Reached XP level 12. HP: 54/80 MP: 4/12
 13447 | Orc:2    | Reached skill level 14 in Long Blades
 13512 | Orc:2    | Reached skill level 5 in Dodging
 13703 | Orc:2    | Noticed an orc high priest
 13716 | Orc:2    | Killed an orc high priest
 13818 | Orc:2    | Noticed an orc high priest
 13838 | Orc:2    | Killed an orc high priest
 14292 | Orc:2    | Noticed an orc high priest
 14293 | Orc:2    | Found Vijaidgh's Antique Weapon Emporium.
 14293 | Orc:2    | Found Zeaha's Distillery.
 14298 | Orc:2    | Killed an orc high priest
 14313 | Orc:2    | Found Fupn's Antique Armour Emporium.
 14313 | Orc:2    | Found Apekuu's Book Shop.
 14333 | Orc:2    | Bought a potion of heal wounds for 85 gold pieces
 14333 | Orc:2    | Bought a potion of curing for 51 gold pieces
 14333 | Orc:2    | Bought a potion of heal wounds for 85 gold pieces
 14336 | Orc:2    | Bought a fine scale mail for 207 gold pieces
 14339 | Orc:2    | Bought a potion of mutation for 136 gold pieces
 14339 | Orc:2    | Bought a potion of mutation for 136 gold pieces
 14515 | Lair:1   | Entered Level 1 of the Lair of Beasts
 14515 | Lair:1   | Noticed Joseph
 14806 | Lair:1   | Killed Joseph
 14822 | Lair:1   | Noticed an eight-headed hydra
 14838 | Lair:1   | Killed an eight-headed hydra
 15203 | Lair:1   | Reached XP level 13. HP: 87/90 MP: 4/13
 15218 | Lair:1   | Noticed a five-headed hydra
 15240 | Lair:1   | Killed a five-headed hydra
 15384 | Lair:1   | Noticed Fannar
 15397 | Lair:1   | Killed Fannar
 15397 | Lair:1   | Reached skill level 10 in Armour
 15759 | Lair:2   | Noticed an eight-headed hydra
 15780 | Lair:2   | Killed an eight-headed hydra
 16743 | Lair:2   | Noticed a seven-headed hydra
 17105 | Lair:2   | Killed a seven-headed hydra
 17895 | Lair:3   | Reached skill level 10 in Fighting
 18005 | Lair:3   | Noticed an eight-headed hydra
 18037 | Lair:3   | Killed an eight-headed hydra
 18309 | Lair:3   | Noticed a four-headed hydra
 18474 | Lair:3   | Found a hole to the Spider Nest.
 19011 | Lair:4   | Found a frozen archway.
 19026 | Lair:4   | Received a gift from Trog
 19047 | IceCv    | Entered an ice cave
 19687 | IceCv    | Reached XP level 14. HP: 56/99 MP: 4/14
 20106 | IceCv    | Noticed a frost giant
 20135 | IceCv    | Killed a frost giant
 20620 | Lair:4   | Found a staircase to the Swamp.
 20976 | Lair:5   | Found a labyrinth entrance.
 21046 | Lab      | Entered a labyrinth
 21199 | Lab      | Got a transparent jade ring
 22401 | Lair:6   | Entered Level 6 of the Lair of Beasts
 22607 | Lair:6   | Found a viscous altar of Jiyva.
 22607 | Lair:6   | Found a staircase to the Slime Pits.
 23084 | Lair:6   | Mangled by an elephant

Skill      XL: |  1  2  3  4  5  6  7  8  9 10 11 12 13 14 |
---------------+-------------------------------------------+-----
Long Blades    | 4 5 6 7 8 10 12 13 14 | 14.0
Fighting       | 3 4 5 6 8 10 12 | 12.4
Armour         | 3 4 5 6 7 9 12 13 | 13.3
Dodging        | 3 4 6 7 8 |  8.3
Shields        | 1 2 4 5 7 |  7.1
Stealth        | |  0.7
Evocations     | |  0.6

Action                   |  1- 3 |  4- 6 |  7- 9 | 10-12 | 13-15 || total
-------------------------+-------+-------+-------+-------+-------++-------
Melee: Falchion          |    95 |   156 |    46 |       |       ||   297
       Long sword        |       |       |   289 |   553 |       ||   842
       Scimitar          |       |       |       |   372 |   642 ||  1014
Invok: Berserk           |       |     2 |     5 |    14 |     6 ||    27
       Trog's Hand       |       |       |     1 |     4 |     1 ||     6
       Brothers in Arms  |       |       |       |     4 |     8 ||    12
       Burn Spellbooks   |       |       |       |       |     1 ||     1
Evoke: Wand              |       |       |       |       |     6 ||     6
  Eat: Chunk             |     1 |     8 |    15 |    46 |    18 ||    88
       Ration            |       |       |       |     1 |     5 ||     6
Armor: Ring mail         |    45 |    47 |     1 |       |       ||    93
       Animal skin       |     1 |       |       |       |       ||     1
       Chain mail        |       |       |   102 |   230 |   188 ||   520
Dodge: Dodged            |    82 |    95 |   203 |   431 |   447 ||  1258
Block: Buckler           |       |    10 |    66 |   233 |   231 ||   540
       Rpst.: Falchion   |    30 |    26 |     6 |       |       ||    62
       Long sword        |       |       |    44 |    59 |       ||   103
       Scimitar          |       |       |       |    46 |   101 ||   147
